| TOP OF THE 1ST |
|
San Francisco Giants batting - Pitching for Washington Nationals : LHP Joe Hincks
|
|
Pitching: LHP Joe Hincks
|
|
|
Batting: RHB Nick Rigden
|
0-0: Ball 1-0: Ball 2-0: Ground out 2-3 (Groundball, 2R, EV 69.4 MPH)
|
|
Batting: RHB Lucan Esini
|
0-0: Ball 1-0: Foul Ball, location: 2F 1-1: Fly out, F9 (Line Drive, 9LS, EV 91.9 MPH)
|
|
Batting: RHB Sean Zielinski
|
0-0: SINGLE (Groundball, 34D, EV 94.4 MPH)
|
|
Batting: LHB Jack Henningar
|
0-0: Ball 1-0: Foul Ball, location: 2F 1-1: Ball 2-1: Foul Ball, location: 2F 2-2: Foul Ball, location: 2F 2-2: SINGLE (Line Drive, 78S, EV 100.6 MPH) Sean Zielinski to second Sean Zielinski to third
|
|
Batting: SHB Ryan Doss
|
0-0: Ball 1-0: Fly out, F9 (Flyball, 9S, EV 86.2 MPH)
|
| Top of the 1st over - 0 runs, 2 hits, 0 errors, 2 left on base; San Francisco 0 - Washington 0 |
| BOTTOM OF THE 1ST |
|
Washington Nationals batting - Pitching for San Francisco Giants : RHP Ricky Rodriguez
|
|
Pitching: RHP Ricky Rodriguez
|
|
|
Batting: SHB Mark Rennie
|
0-0: Ball 1-0: Swinging Strike 1-1: Ball 2-1: Ball 3-1: Called Strike 3-2: Foul Ball, location: 2F 3-2: Base on Balls
|
|
Batting: RHB Dave Vargas
|
0-0: Called Strike 0-1: Swinging Strike 0-2: SINGLE (Groundball, 56S, EV 73.1 MPH) (infield hit) Mark Rennie to second
|
|
Batting: LHB Seth Cook
|
0-0: Swinging Strike 0-1: Foul Ball, location: 2F 0-2: Strikes out swinging
|
|
Batting: RHB John Sanders
|
0-0: Called Strike Mark Rennie steals 3rd base Dave Vargas to second 0-1: 3-RUN HOME RUN (Flyball, 7D, EV 100.0 MPH), Distance : 371 ft
|
|
Batting: SHB Tze-meng Gan
|
0-0: Called Strike 0-1: Ball 1-1: Fly out, F8 (Flyball, 8RS, EV 96.2 MPH)
|
|
Batting: LHB Emmanuel Gaskin
|
0-0: Swinging Strike 0-1: Swinging Strike 0-2: Foul Ball, location: 2F 0-2: Strikes out looking
|
| Bottom of the 1st over - 3 runs, 2 hits, 0 errors, 0 left on base; San Francisco 0 - Washington 3 |
| TOP OF THE 2ND |
|
San Francisco Giants batting - Pitching for Washington Nationals : LHP Joe Hincks
|
|
Batting: LHB Carey Horncole
|
0-0: Ball 1-0: Called Strike 1-1: Fly out, F8 (Flyball, 8LXD, EV 101.2 MPH)
|
|
Batting: RHB Nate Hodson
|
0-0: Ball 1-0: Ball 2-0: Called Strike 2-1: Foul Ball, location: 2F 2-2: Strikes out looking
|
|
Batting: RHB John Creel
|
0-0: Ball 1-0: Swinging Strike 1-1: DOUBLE (Flyball, 78D, EV 110.0 MPH)
|
|
Batting: LHB Tom Best
|
0-0: Ball 1-0: Fly out, F8 (Flyball, 8LXD, EV 85.6 MPH)
|
| Top of the 2nd over - 0 runs, 1 hit, 0 errors, 1 left on base; San Francisco 0 - Washington 3 |
| BOTTOM OF THE 2ND |
|
Washington Nationals batting - Pitching for San Francisco Giants : RHP Ricky Rodriguez
|
|
Batting: LHB Bi-jun Chien
|
0-0: Called Strike 0-1: Called Strike 0-2: Foul Ball, location: 2F 0-2: Foul Ball, location: 2F 0-2: Foul Ball, location: 2F 0-2: Ball 1-2: SOLO HOME RUN (Flyball, 9LD, EV 95.6 MPH), Distance : 363 ft
|
|
Batting: RHB Darren McCarty Jr.
|
0-0: Called Strike 0-1: Ball 1-1: Fly out, F7 (Line Drive, 78M, EV 93.1 MPH)
|
|
Batting: LHB Bob Melley
|
0-0: Called Strike 0-1: SINGLE (Line Drive, 7S, EV 97.5 MPH)
|
|
Batting: SHB Mark Rennie
|
0-0: Called Strike 0-1: Ball 1-1: Foul Ball, location: 2F 1-2: Ball 2-2: Ball 3-2: Strikes out swinging
|
|
Batting: RHB Dave Vargas
|
0-0: Ball Bob Melley is caught stealing 2nd base 2-4
|
| Bottom of the 2nd over - 1 run, 2 hits, 0 errors, 0 left on base; San Francisco 0 - Washington 4 |
| TOP OF THE 3RD |
|
San Francisco Giants batting - Pitching for Washington Nationals : LHP Joe Hincks
|
|
Batting: RHB Nick Rigden
|
0-0: Called Strike 0-1: Ball 1-1: Ball 2-1: Ground out 5-3 (Groundball, 5S, EV 70.6 MPH)
|
|
Batting: RHB Lucan Esini
|
0-0: Fly out, F9 (Line Drive, 89M, EV 103.1 MPH)
|
|
Batting: RHB Sean Zielinski
|
0-0: Ground out 4-3 (Groundball, 4, EV 86.2 MPH)
|
| Top of the 3rd over - 0 runs, 0 hits, 0 errors, 0 left on base; San Francisco 0 - Washington 4 |
| BOTTOM OF THE 3RD |
|
Washington Nationals batting - Pitching for San Francisco Giants : RHP Ricky Rodriguez
|
|
Batting: RHB Dave Vargas
|
0-0: Swinging Strike 0-1: Called Strike 0-2: Ball 1-2: Strikes out swinging
|
|
Batting: LHB Seth Cook
|
0-0: Swinging Strike 0-1: Ball 1-1: Ball 2-1: Called Strike 2-2: Foul Ball, location: 2F 2-2: Strikes out swinging
|
|
Batting: RHB John Sanders
|
0-0: Called Strike 0-1: Ball 1-1: Foul Ball, location: 2F 1-2: Ball 2-2: Foul Ball, location: 2F 2-2: Fly out, F8 (Line Drive, 8RD, EV 101.9 MPH)
|
| Bottom of the 3rd over - 0 runs, 0 hits, 0 errors, 0 left on base; San Francisco 0 - Washington 4 |
| TOP OF THE 4TH |
|
San Francisco Giants batting - Pitching for Washington Nationals : LHP Joe Hincks
|
|
Batting: LHB Jack Henningar
|
0-0: Ball 1-0: Ball 2-0: Ball 3-0: Base on Balls
|
|
Batting: SHB Ryan Doss
|
0-0: Ball Jack Henningar is caught stealing 2nd base 2-4 1-0: Ball 2-0: SINGLE (Groundball, 34S, EV 73.1 MPH) (infield hit)
|
|
Batting: LHB Carey Horncole
|
0-0: Called Strike 0-1: Ball 1-1: Foul Ball, location: 2F 1-2: Ball 2-2: Fly out, F8 (Flyball, 8LM, EV 82.5 MPH)
|
|
Batting: RHB Nate Hodson
|
0-0: Fielders Choice at 2nd, U6 (Groundball, 6M, EV 86.9 MPH)
|
| Top of the 4th over - 0 runs, 1 hit, 0 errors, 1 left on base; San Francisco 0 - Washington 4 |
| BOTTOM OF THE 4TH |
|
Washington Nationals batting - Pitching for San Francisco Giants : RHP Ricky Rodriguez
|
|
Batting: SHB Tze-meng Gan
|
0-0: Called Strike 0-1: Swinging Strike 0-2: Foul Ball, location: 2F 0-2: Ball 1-2: Ball 2-2: Foul Ball, location: 2F 2-2: Foul Ball, location: 2F 2-2: Strikes out looking
|
|
Batting: LHB Emmanuel Gaskin
|
0-0: Ball 1-0: Ball 2-0: Fly out, F8 (Flyball, 8RXD, EV 95.0 MPH)
|
|
Batting: LHB Bi-jun Chien
|
0-0: Called Strike 0-1: Foul Ball, location: 2F 0-2: Foul Ball, location: 2F 0-2: DOUBLE (Groundball, 3L, EV 108.8 MPH)
|
|
Batting: RHB Darren McCarty Jr.
|
0-0: Swinging Strike 0-1: Fly out, F8 (Line Drive, 8LM, EV 96.9 MPH)
|
| Bottom of the 4th over - 0 runs, 1 hit, 0 errors, 1 left on base; San Francisco 0 - Washington 4 |
| TOP OF THE 5TH |
|
San Francisco Giants batting - Pitching for Washington Nationals : LHP Joe Hincks
|
|
Batting: RHB John Creel
|
0-0: Foul Ball, location: 2F 0-1: Foul Ball, location: 2F 0-2: DOUBLE (Flyball, 78XD, EV 101.9 MPH)
|
|
Batting: LHB Tom Best
|
0-0: Ball 1-0: Called Strike 1-1: Foul Ball, location: 2F 1-2: Ball 2-2: Fly out, F8 (Flyball, 8RXD, EV 88.8 MPH) Runner from 2nd tags up, SAFE at 3rd, no throw by CF
|
|
Batting: RHB Nick Rigden
|
0-0: Called Strike 0-1: Ball 1-1: Ball 2-1: Ground out 6-3 (Groundball, 6, EV 88.8 MPH) John Creel scores
|
|
Batting: RHB Lucan Esini
|
0-0: Ball 1-0: Foul Ball, location: 2F 1-1: SINGLE (Line Drive, 34D, EV 96.2 MPH)
|
|
Batting: RHB Sean Zielinski
|
0-0: Ball 1-0: Fly out, F8 (Flyball, 8LXD, EV 79.4 MPH)
|
| Top of the 5th over - 1 run, 2 hits, 0 errors, 1 left on base; San Francisco 1 - Washington 4 |
| BOTTOM OF THE 5TH |
|
Washington Nationals batting - Pitching for San Francisco Giants : RHP Ricky Rodriguez
|
|
Batting: LHB Bob Melley
|
0-0: Foul Ball, location: 2F 0-1: Fly out, F4 (Popup, 4S, EV 76.2 MPH)
|
|
Batting: SHB Mark Rennie
|
0-0: Foul Ball, location: 2F 0-1: Ball 1-1: Called Strike 1-2: Ball 2-2: SINGLE (Line Drive, 89S, EV 93.8 MPH)
|
|
Batting: RHB Dave Vargas
|
0-0: Ball 1-0: Called Strike 1-1: Ball 2-1: Ground out 4-3 (Groundball, 34S, EV 85.6 MPH) Mark Rennie to second
|
|
Batting: LHB Seth Cook
|
0-0: Called Strike Mark Rennie steals 3rd base 0-1: Ball 1-1: Swinging Strike 1-2: Fly out, F7 (Flyball, 7, EV 86.2 MPH)
|
| Bottom of the 5th over - 0 runs, 1 hit, 0 errors, 1 left on base; San Francisco 1 - Washington 4 |
| TOP OF THE 6TH |
|
San Francisco Giants batting - Pitching for Washington Nationals : LHP Joe Hincks
|
|
Batting: LHB Jack Henningar
|
0-0: Ground out 4-3 (Groundball, 4, EV 86.9 MPH)
|
|
Batting: SHB Ryan Doss
|
0-0: Ball 1-0: Ground out 4-3 (Groundball, 4S, EV 65.6 MPH)
|
|
Batting: LHB Carey Horncole
|
0-0: Ball 1-0: Called Strike 1-1: Ball 2-1: Swinging Strike 2-2: Strikes out swinging
|
| Top of the 6th over - 0 runs, 0 hits, 0 errors, 0 left on base; San Francisco 1 - Washington 4 |
| BOTTOM OF THE 6TH |
|
Washington Nationals batting - Pitching for San Francisco Giants : RHP Ricky Rodriguez
|
|
Batting: RHB John Sanders
|
0-0: Ball 1-0: Ball 2-0: Foul Ball, location: 2F 2-1: Ball 3-1: Base on Balls
|
|
Pitching: RHP Alex Montes
|
|
|
Batting: SHB Tze-meng Gan
|
0-0: Ball John Sanders steals 2nd base (no throw) 1-0: Foul Ball, location: 2F 1-1: Ground out 4-3 (Groundball, 4, EV 87.5 MPH) John Sanders to third
|
|
Batting: LHB Emmanuel Gaskin
|
0-0: Ball 1-0: Called Strike 1-1: Foul Ball, location: 2F 1-2: Ball 2-2: Strikes out swinging
|
|
Batting: LHB Bi-jun Chien
|
0-0: Intentional Walk
|
|
Batting: RHB Darren McCarty Jr.
|
0-0: Foul Ball, location: 2F 0-1: Ground out 4-3 (Groundball, 4, EV 95.0 MPH)
|
| Bottom of the 6th over - 0 runs, 0 hits, 0 errors, 2 left on base; San Francisco 1 - Washington 4 |
| TOP OF THE 7TH |
|
San Francisco Giants batting - Pitching for Washington Nationals : LHP Joe Hincks
|
|
Batting: RHB Nate Hodson
|
0-0: Ball 1-0: Called Strike 1-1: Foul Ball, location: 2F 1-2: SINGLE (Line Drive, 8LS, EV 94.4 MPH)
|
|
Batting: RHB John Creel
|
0-0: Ball 1-0: Ball 2-0: Swinging Strike 2-1: Fly out, F8 (Flyball, 89D, EV 103.1 MPH)
|
|
Batting: LHB Tom Best
|
0-0: Called Strike 0-1: Swinging Strike 0-2: Grounds into double play, 4-6-3 (Groundball, 4, EV 83.8 MPH)
|
| Top of the 7th over - 0 runs, 1 hit, 0 errors, 0 left on base; San Francisco 1 - Washington 4 |
| BOTTOM OF THE 7TH |
|
Washington Nationals batting - Pitching for San Francisco Giants : RHP Alex Montes
|
|
Batting: LHB Bob Melley
|
0-0: Foul Ball, location: 2F 0-1: Ball 1-1: Ball 2-1: Swinging Strike 2-2: Foul Ball, location: 2F 2-2: SOLO HOME RUN (Line Drive, 89XD, EV 100.0 MPH), Distance : 403 ft
|
|
Batting: SHB Mark Rennie
|
0-0: Ball 1-0: Ball 2-0: Called Strike 2-1: Ball 3-1: Called Strike 3-2: Ground out 3-1 (Groundball, 34, EV 94.4 MPH)
|
|
Batting: RHB Dave Vargas
|
0-0: Ball 1-0: Ground out 4-3 (Groundball, 4, EV 85.0 MPH)
|
|
Batting: LHB Seth Cook
|
0-0: Ball 1-0: Ball 2-0: Ball 3-0: Called Strike 3-1: Foul Ball, location: 2F 3-2: Foul Ball, location: 2F 3-2: Foul Ball, location: 2F 3-2: Base on Balls
|
|
Batting: RHB John Sanders
|
0-0: Called Strike 0-1: Ball 1-1: Ball 2-1: Called Strike Seth Cook steals 2nd base 2-2: Ball 3-2: Strikes out swinging, 2-3 out at first.
|
| Bottom of the 7th over - 1 run, 1 hit, 0 errors, 1 left on base; San Francisco 1 - Washington 5 |
| TOP OF THE 8TH |
|
San Francisco Giants batting - Pitching for Washington Nationals : LHP Joe Hincks
|
|
Batting: RHB Nick Rigden
|
0-0: Ball 1-0: Ball 2-0: Ball 3-0: Base on Balls
|
|
Batting: RHB Lucan Esini
|
0-0: Ground out 4-3 (Groundball, 4S, EV 65.6 MPH) Nick Rigden to second
|
|
Batting: RHB Sean Zielinski
|
0-0: Called Strike 0-1: Ground out 5-3 (Groundball, 56S, EV 88.8 MPH)
|
|
Batting: LHB Jack Henningar
|
0-0: Ball 1-0: Ball 2-0: SINGLE (Groundball, 34S, EV 68.1 MPH) (infield hit) Nick Rigden to third
|
|
Batting: SHB Ryan Doss
|
0-0: Called Strike 0-1: Swinging Strike 0-2: Foul Ball, location: 2F 0-2: Ball 1-2: Foul Ball, location: 2F 1-2: Foul Ball, location: 2F 1-2: Foul Ball, location: 2F 1-2: Fielders Choice at 2nd, 5-4 (Groundball, 56, EV 81.2 MPH)
|
| Top of the 8th over - 0 runs, 1 hit, 0 errors, 2 left on base; San Francisco 1 - Washington 5 |
| BOTTOM OF THE 8TH |
|
Washington Nationals batting - Pitching for San Francisco Giants : RHP Alex Montes
|
|
Pitching: RHP Lorenzo de Jesus
|
|
|
Batting: SHB Tze-meng Gan
|
0-0: Ball 1-0: Called Strike 1-1: Swinging Strike 1-2: Ball 2-2: Ball 3-2: Ground out 5-3 (Groundball, 56S, EV 69.4 MPH)
|
|
Batting: LHB Emmanuel Gaskin
|
0-0: Called Strike 0-1: Foul Ball, location: 2F 0-2: Ball 1-2: Ball 2-2: Ball 3-2: Base on Balls
|
|
Batting: LHB Bi-jun Chien
|
0-0: Ball Emmanuel Gaskin steals 2nd base 1-0: Intentional Walk
|
|
Batting: RHB Darren McCarty Jr.
|
0-0: Called Strike 0-1: Ball 1-1: Swinging Strike 1-2: Ball 2-2: Fly out, F8 (Flyball, 8LXD, EV 90.0 MPH) Runner from 2nd tags up, SAFE at 3rd, no throw by CF
|
|
Batting: LHB Bob Melley
|
0-0: Called Strike 0-1: Called Strike 0-2: Ball 1-2: Foul Ball, location: 2F 1-2: Strikes out swinging
|
| Bottom of the 8th over - 0 runs, 0 hits, 0 errors, 2 left on base; San Francisco 1 - Washington 5 |
| TOP OF THE 9TH |
|
San Francisco Giants batting - Pitching for Washington Nationals : LHP Joe Hincks
|
|
Batting: LHB Carey Horncole
|
0-0: Foul Ball, location: 2F 0-1: Ground out 6-3 (Groundball, 6, EV 107.5 MPH)
|
|
Batting: RHB Nate Hodson
|
0-0: Ball 1-0: Foul Ball, location: 2F 1-1: Ground out 6-3 (Groundball, 6S, EV 88.1 MPH)
|
|
Batting: RHB John Creel
|
0-0: Ball 1-0: Ball 2-0: Ball 3-0: Base on Balls
|
|
Pitching: RHP Seth Bowersox
|
|
|
Batting: LHB Tom Best
|
0-0: Called Strike 0-1: Ball 1-1: Swinging Strike 1-2: Strikes out swinging
|
| Top of the 9th over - 0 runs, 0 hits, 0 errors, 1 left on base; San Francisco 1 - Washington 5 |
|